 Dungeon Crawl Stone Soup version 0.24-a0-361-g57161393b2 (webtiles) character file.

Game seed: 11271464102938927506

48 theanonym the Magician (level 3, 0/21 HPs)
             Began as an Octopode Wizard on May 26, 2019.
             Slain by a hound (3 damage)
             ... on level 2 of the Dungeon.
             The game lasted 00:02:56 (1388 turns).

theanonym the Magician (Octopode Wizard)            Turns: 1388, Time: 00:02:56

Health: 0/21       AC:  1    Str:  6    XL:     3   Next: 72%
Magic:  1/8        EV: 13    Int: 21    God:
Gold:   42         SH:  0    Dex: 10    Spells: 1/9 levels left

rFire    . . .     SeeInvis .   b - +0 dagger
rCold    . . .     Gourm    .   (no shield)
rNeg     . . .     Faith    .   a - +0 hat
rPois    .         Spirit   .   (no amulet)
rElec    .         Reflect  .   (no ring)
rCorr    .         Harm     .   (no ring)
MR       .....                  (no ring)
Stlth    +++.......             (no ring)
HPRegen  0.07/turn              (no ring)
MPRegen  0.11/turn              (no ring)
                                (no ring)
                                (no ring)

@: very slightly contaminated
A: almost no armour, stealthy swim, amphibious, 8 rings, constrict 8, camouflage
1, gelatinous body 1
a: no special abilities


Innate Abilities, Weirdness & Mutations

You cannot wear most types of armour.
You are very stealthy in the water. (Stealth+)
You are amphibious.
You can wear up to eight rings at the same time.
You can use your tentacles to constrict eight enemies at once.
Your skin changes colour to match your surroundings (Stealth+).
Your rubbery body absorbs attacks. (AC +1, EV +1)


   Skills:
 - Level 2.0 Dodging
 - Level 2.6 Stealth
 + Level 3.6 Spellcasting
 + Level 2.4 Conjurations
 - Level 1.0 Summonings
 - Level 1.0 Translocations
 + Level 0.3 Air Magic
 + Level 0.6 Poison Magic


You had one spell level left.
You knew the following spells:

 Your Spells              Type           Power        Failure   Level  Hunger
a - Magic Dart            Conj           ##..         4%          1    None
b - Call Imp              Summ           #.......     13%         2    ##.....
d - Mephitic Cloud        Conj/Pois/Air  #.......     24%         3    ###....
l - Blink                 Tloc           N/A          13%         2    ##.....

Your spell library contained the following spells:

 Spells                   Type           Power        Failure   Level  Hunger
 Slow                     Hex            #.......     19%         2    ##.....
 Conjure Flame            Conj/Fire      #.......     22%         3    ###....

Skill      XL: |  1  2 |
---------------+-------+-----
Conjurations   | 2 |  2.4
Dodging        | |  2.0
Stealth        | |  2.6
Spellcasting   | |  3.6
Summonings     | |  1.0
Translocations | |  1.0
Air Magic      | |  0.3
Poison Magic   | |  0.6

Action                   || total
-------------------------++-------
Melee: Dagger            ||    26
       Tentacles         ||     5
       Unarmed           ||     2
       Constrict         ||     5
 Cast: Magic Dart        ||    75
  Use: Scroll            ||     1
  Eat: Chunk             ||     1
Armor: Skin              ||     3
Dodge: Dodged            ||    32

Inventory:

Hand Weapons
 b - a +0 dagger (weapon)
Missiles
 c - 8 boomerangs (quivered)
Armour
 a - a +0 hat (worn)
Jewellery
 h - an uncursed ring of flight {unknown}
 k - a cursed ring of teleportation {unknown}
Scrolls
 l - a scroll of teleportation {unknown}
Potions
 d - a potion of curing {unknown}
 g - a potion of resistance {unknown}
 i - a potion of berserk rage {unknown}
Comestibles
 e - 4 rations
 j - 5 chunks of flesh


You were on level 2 of the Dungeon.
You were not hungry.

You visited 1 branch of the dungeon, and saw 2 of its levels.

You collected 42 gold pieces.

Dungeon Overview and Level Annotations

Branches:
Dungeon (2/15)

Altars:

###........(
#...........
#.#......).. #
###....#......
....(.#.#.##.##
#.###.##÷#.##.##
#..............#
#
#.#.##§###§.##.#
... #.#.Sh@§§.#
.....#...#######
.........#
.........#
.......).#
.........#
$$.......#
.........#
##########


You could see a hound and a ball python.

Notes
Turn   | Place    | Note
-------+----------+-------------------------------------------
     0 | D:1      | theanonym the Octopode Wizard began the quest for the Orb.
     0 | D:1      | Reached XP level 1. HP: 11/11 MP: 4/4
    60 | D:1      | HP: 3/11 [ooze (4)]
    63 | D:1      | Reached XP level 2. HP: 5/17 MP: 1/6
   506 | D:1      | HP: 8/17 [hobgoblin/+0 club (2)]
   507 | D:1      | Reached skill level 2 in Conjurations
   519 | D:1      | Learned a level 2 spell: Call Imp
   687 | D:1      | Learned a level 2 spell: Blink
   712 | D:1      | Reached XP level 3. HP: 21/21 MP: 2/8
   768 | D:1      | Learned a level 3 spell: Mephitic Cloud
  1383 | D:2      | HP: 10/21 [hound (3)]
  1385 | D:2      | HP: 4/21 [hound (3)]
  1388 | D:2      | Slain by a hound

Vanquished Creatures
  3 oozes (D:1)
  3 bats
  2 giant cockroaches (D:1)
  4 goblins
  8 hobgoblins
  A frilled lizard (D:1)
  6 kobolds
  6 rats
33 creatures vanquished.

Table legend:
 A = Turns spent in this place as a percentage of turns spent in the entire game.
 B = Non-inter-level travel turns spent in this place as a percentage of non-inter-level travel turns spent in the entire game.
 C = Inter-level travel turns spent in this place as a percentage of turns spent in this place.
 D = Turns resting spent in this place as a percentage of non-inter-level travel turns spent in this place.
 E = Turns spent auto-exploring this place as a percentage of non-inter-level travel turns spent in this place.
 F = Non-inter-level travel turns spent in this place divided by the number of levels of this place that you've seen.
                   A       B       C       D       E      F
               +-------+-------+-------+-------+-------+----------------------
         Total | 100.0 | 100.0 |   1.7 |  54.5 |  31.7 | 682.0
       Dungeon | 100.0 | 100.0 |   1.7 |  54.5 |  31.7 | 682.0
               +-------+-------+-------+-------+-------+----------------------
